 Dungeon Crawl Stone Soup version 0.30-a0-852-g08b95dd62f (webtiles) character file.

Game seed: 17235024891503990316

966 oldmanjim the Insei (level 8, -5/52 HPs)
             Began as an Octopode Transmuter on Mar 4, 2023.
             Slain by a gnoll
             ... wielding a +0 spear
             ... led by a gnoll bouda
              (8 damage)
             ... on level 5 of the Dungeon.
             The game lasted 00:33:16 (5706 turns).

oldmanjim the Insei (Octopode Transmuter)           Turns: 5706, Time: 00:33:17

Health: -5/52      AC:  2    Str:  9    XL:     8   Next: 15%
Magic:  10/12      EV: 19    Int: 23    God:
Gold:   238        SH:  0    Dex: 18    Spells: 5/13 levels left

rFire   . . .      SeeInvis .    a - melded +0 sling
rCold   . . .      Faith    .    (shield currently unavailable)
rNeg    + . .      Spirit   .    r - melded +1 hat
rPois   x          Reflect  .    (no amulet)
rElec   .          Rampage  .    d - ring of willpower
rCorr   .                        v - ring of positive energy
Will    +....                    w - +6 ring of intelligence
Stlth   ++                       (no ring)
HPRegen 0.28/turn                (no ring)
MPRegen 0.13/turn                (no ring)
                                 (no ring)
                                 (no ring)

@: spider-form (expiring)
A: venomous fangs, almost no armour, (amphibious), 8 rings, tiny, (camouflage
1), (gelatinous body 1), (nimble swimmer 1), (tentacles)
a: End Transformation


You were on level 5 of the Dungeon.
You were a venomous arachnid creature.
You visited 1 branch of the dungeon, and saw 5 of its levels.

You collected 340 gold pieces.
You spent 102 gold pieces at shops.

Inventory:

Hand Weapons
 a - a +0 sling (melded)
 j - a +1 short sword of venom
Missiles
 f - 40 stones
 h - 11 poisoned darts
Armour
 r - a +1 hat (melded)
Jewellery
 d - a ring of willpower (left front pincers)
 q - an amulet of guardian spirit
 v - a ring of positive energy (right front pincers)
 w - a +6 ring of intelligence (on tentacle)
Wands
 t - a wand of iceblast (4)
 u - a wand of charming (10)
Scrolls
 g - 2 scrolls of immolation
 i - a scroll of torment
 m - a scroll of poison {unknown}
 n - 3 scrolls of teleportation
 p - 2 scrolls of blinking
 s - a scroll of butterflies {unknown}
Potions
 b - 2 potions of berserk rage
 c - 2 potions of lignification
 e - 4 potions of magic
 k - a potion of brilliance
 l - a potion of attraction {unknown}
 o - 2 potions of cancellation {unknown}


   Skills:
 - Level 3.0 Fighting
 - Level 2.0 Dodging
 + Level 7.5 Unarmed Combat
 - Level 3.0 Spellcasting
 - Level 4.0 Transmutations
 - Level 3.0 Poison Magic


You had 5 spell levels left.
You knew the following spells:

 Your Spells              Type           Power      Damage    Failure   Level
a - Beastly Appendage     Tmut           42%        N/A       9%          1
b - Spider Form           Tmut/Pois      19%        N/A       22%         3
c - Ice Form              Ice/Tmut       12%        N/A       67%         4

Your spell library contained the following spells:

 Spells                   Type           Power      Damage    Failure   Level
 Wereblood                Tmut           21%        N/A       11%         2
 Sublimation of Blood     Necr           3%         N/A       36%         2
 Petrify                  Tmut/Erth      12%        N/A       67%         4
 Irradiate                Conj/Tmut      6%         3d13      92%         5


Dungeon Overview and Level Annotations

Branches:
Dungeon (5/15)
 Temple: D:4-7

Altars:
Elyvilon
Nemelex Xobeh
Uskayaw
Xom

Shops:
D:2 *

Annotations:
D:3 3 runed translucent doors, exclusion: 3 doors, qeuew's ghost, amateur DsCK


Innate Abilities, Weirdness & Mutations

You are a venomous arachnid creature.
You have venomous fangs.
You are tiny and dextrous.
Your spellcasting is less reliable in this form.
Your armour is entirely melded.
You are incapable of wielding weapons or throwing items.
You cannot wear most types of armour.
((You are amphibious.))
You can wear up to eight rings at the same time.
((Your skin changes colour to match your surroundings (Stealth+).))
((Your rubbery body absorbs attacks. (AC +1, EV +1)))
((You are camouflaged when in or above water. (Stealth+)))
((You have tentacles for arms and can constrict up to eight enemies at once.))


Message History

The gnoll bouda hits you with a +0 whip!
You feel sick.
The gnoll bouda barks out a call to the hunt!
The gnolls pick up the pace!
You hit the gnoll bouda but do no damage.
The gnoll bouda is poisoned.
You feel sick.
You hit the gnoll bouda.
The gnoll bouda looks as sick as possible!
The gnoll bouda is moderately wounded.
The gnoll bouda hits you with a +0 whip.
The gnoll bouda attacks as you move away!
The gnoll bouda hits you with a +0 whip!
You feel sick.
The gnoll bouda attacks as you move away!
The gnoll bouda hits you with a +0 whip.
You feel sick.
You feel sick.
Your transformation is almost over.
You feel sick.
You are no longer poisoned.
You hit the gnoll.
The gnoll is poisoned.
The gnoll is heavily wounded.
The gnoll bouda barely misses you.
You barely miss the gnoll.
The gnoll is heavily wounded.
The gnoll attacks as you move away! The gnoll hits you with a +0 whip.
* * * LOW HITPOINT WARNING * * *
You kill the gnoll bouda!
The gnoll barely misses you.
The gnoll throws a stone.
The stone hits you.
* * * LOW HITPOINT WARNING * * *
The gnoll hits you from afar with a +0 spear.
* * * LOW HITPOINT WARNING * * *
The gnoll closely misses you. x2
The gnoll attacks as you move away! The gnoll hits you with a +0 whip.
* * * LOW HITPOINT WARNING * * *
You kill the gnoll!
The gnoll throws a poisoned dart.
The poisoned dart barely misses you.
The gnoll hits you from afar with a +0 spear!
You die...

########## #........#
#........# #........#
#........# ###........#
#####..........#
#...#.#........# #
#......#s####.## ..
#........# #.# .#
#......gg####.# ..#
#........g....# ...#
#............###....#
####..............'....#
#....^.......)..###....#
#....##.........###....#
######....##.............####


You could see 3 gnolls.

Vanquished Creatures
  A black bear (D:5)
  A centaur (D:5)
  Blork the orc (D:4)
  3 scorpions
  A howler monkey (D:4)
  5 hounds
  2 orc priests
  A jelly (D:4)
  A gnoll bouda (D:5)
  2 orc wizards (D:5)
  A gnoll (D:5)
  7 adders
  A white imp (D:5)
  An ufetubus (D:5)
  A worm (D:3)
  3 dart slugs
  10 orcs
  18 endoplasms
  A giant cockroach (D:1)
  6 goblins
  8 hobgoblins
  5 jackals
  4 quokkas
  7 ball pythons
  5 bats
  A frilled lizard (D:2)
  13 kobolds
  5 rats
115 creatures vanquished.

Vanquished Creatures (others)
  2 fungi (D:3)
  2 plants (D:3)
4 creatures vanquished.

Grand Total: 119 creatures vanquished

Notes
Turn   | Place    | Note
-------+----------+-------------------------------------------
     0 | D:1      | oldmanjim the Octopode Transmuter began the quest for the
                  | Orb.
     0 | D:1      | Reached XP level 1. HP: 13/13 MP: 3/3
   204 | D:1      | Reached XP level 2. HP: 18/18 MP: 3/5
   873 | D:2      | Reached XP level 3. HP: 23/23 MP: 6/6
  1142 | D:2      | Found Nitoot's Assorted Antiques.
  1152 | D:2      | Bought a scroll labelled TASACI HUAROT for 27 gold pieces
  1153 | D:2      | Bought a fizzy red potion for 24 gold pieces
  1153 | D:2      | Bought a fizzy black potion for 24 gold pieces
  1356 | D:2      | Reached XP level 4. HP: 22/28 MP: 7/7
  1472 | D:2      | Reached skill level 4 in Unarmed Combat
  1811 | D:2      | Found a faded altar of an unknown god.
  2155 | D:2      | Learned a level 3 spell: Spider Form
  2156 | D:3      | Noticed a scorpion
  2469 | D:3      | Reached skill level 1 in Poison Magic
  2569 | D:3      | Reached XP level 5. HP: 29/33 MP: 6/8
  2684 | D:3      | Found a runed translucent gate.
  2684 | D:3      | Found a runed translucent gate.
  2684 | D:3      | Found a runed translucent gate.
  2686 | D:3      | Noticed qeuew's ghost (amateur DsCK)
  2688 | D:3      | Noticed a kobold brigand
  3186 | D:3      | Found a sparkling altar of Nemelex Xobeh.
  3301 | D:2      | Bought a scroll labelled FIACYN XURETIR for 27 gold pieces
  3438 | D:4      | Reached XP level 6. HP: 13/38 MP: 6/9
  3634 | D:4      | Reached skill level 5 in Unarmed Combat
  3704 | D:4      | Noticed Blork the orc
  3714 | D:4      | Killed Blork the orc
  3796 | D:4      | Reached skill level 6 in Unarmed Combat
  4023 | D:4      | Reached XP level 7. HP: 38/43 MP: 6/10
  4351 | D:4      | Learned a level 4 spell: Ice Form
  4374 | D:4      | Found a shimmering altar of Xom.
  4413 | D:4      | Found a hide-covered altar of Uskayaw.
  4722 | D:4      | Found a white marble altar of Elyvilon.
  4809 | D:5      | Entered Level 5 of the Dungeon
  5248 | D:5      | Reached skill level 7 in Unarmed Combat
  5429 | D:5      | Reached XP level 8. HP: 40/52 MP: 8/12
  5706 | D:5      | Slain by a gnoll

Illustrated notes

Levels and vault maps discovered:
D:1:      noname_arrival_rooms_in_the_neighbourhood, layout_basic, st_stairs_9
D:2:      layout_basic, serial_shops, nicolae_shop_advertising_works
          [nicolae_subvault_shop_adworks], chequers_ecumenical_altar_grove,
          st_stairs_12, grunt_ministairs_14, minmay_stone_trees_small,
          nicolae_underground_beach
D:3:      layout_basic, nemelex_dance_club_becter,
          gammafunk_ghost_nasty_kobolds, minmay_surrounded
D:4:      minmay_razor_zed, layout_basic, marbit_many_paths, lemuel_round_altar,
          nicolae_uskayaw_murder_on_the_dancefloor, uniq_blork_the_orc
D:5:      layout_basic

Skill      XL: |  1  2  3  4  5  6  7 |
---------------+----------------------+-----
Transmutations | 3 4 |  4.0
Unarmed Combat | 4 6 7 |  7.5
Poison Magic   | 1 2 3 |  3.0
Fighting       | 3 |  3.0
Spellcasting   | 3 |  3.0
Dodging        | |  2.0

Action                     |  1- 3 |  4- 6 |  7- 9 || total
---------------------------+-------+-------+-------++-------
  Melee: Unarmed           |    35 |   103 |    68 ||   206
         Kick              |     7 |    14 |       ||    21
         Constrict         |     9 |     7 |       ||    16
         Tentacles         |     4 |     6 |       ||    10
         Punch             |     1 |     1 |       ||     2
   Fire: Sling             |    72 |    70 |    33 ||   175
   Cast: Beastly Appendage |    14 |    16 |       ||    30
         Spider Form       |       |    14 |    14 ||    28
    Use: Scroll            |     5 |     1 |     2 ||     8
   Stab: Sleeping          |       |     3 |       ||     3
         Distracted        |       |     1 |       ||     1
 Armour: Skin              |     6 |     7 |     7 ||    20
  Dodge: Dodged            |    42 |    70 |    77 ||   189

Table legend: (Time is in decaauts)
 A = Elapsed time spent in this place.
 B = Non-inter-level travel time spent in this place.
 C = Inter-level travel time spent in this place.
 D = Time resting spent in this place.
 E = Time spent auto-exploring this place.
 F = Levels seen in this place.
 G = Mean time per level.
                   A        B        C        D        E       F      G
               +--------+--------+--------+--------+--------+-----+--------+
         Total |   5716 |   5327 |    389 |    390 |   3903 |   5 | 1143.2 |
       Dungeon |   5716 |   5327 |    389 |    390 |   3903 |   5 | 1143.2 |
               +--------+--------+--------+--------+--------+-----+--------+

Top non-repeatable levels by time:
     D:4: 1666 daAuts
     D:2: 1384 daAuts
     D:3: 1043 daAuts
     D:1: 911 daAuts
     D:5: 711 daAuts
